 Dungeon Crawl Stone Soup version 0.30-a0-358-g0d69a1922f (webtiles) character file.

Game seed: 2121047743457840373

497 jlumianski the Chopper (level 6, -1/48 HPs)
             Began as a Demonspawn Fighter on Nov 8, 2022.
             Was an Initiate of Qazlal.
             Slain by a two-headed ogre
             ... wielding a +0 giant club
              (14 damage)
             ... on level 5 of the Dungeon.
             The game lasted 00:22:32 (3662 turns).

jlumianski the Chopper (Demonspawn Fighter)         Turns: 3662, Time: 00:22:32

Health: -1/48      AC: 14    Str: 19    XL:     6   Next: 93%
Magic:  6/6        EV:  7    Int:  9    God:    Qazlal [......]
Gold:   183        SH:  4    Dex: 12    Spells: 5/5 levels left

rFire   . . .      SeeInvis .    a - +0 war axe
rCold   + . .      Faith    .    c - +0 buckler
rNeg    . . .      Spirit   .    o - +0 chain mail
rPois   .          Reflect  .    (no helmet)
rElec   .          Harm     .    v - +2 cloak
rCorr   .          Rampage  .    (no gloves)
Will    .....                    q - +1 pair of boots
Stlth   ..........               (no amulet)
HPRegen 0.28/turn                j - ring of flight
MPRegen 0.10/turn                u - ring of protection from cold

@: mighty, flying
A: powered by pain 1, weakness stinger 2
a: Renounce Religion


You were on level 5 of the Dungeon.
You worshipped Qazlal.
Qazlal was noncommittal.
You visited 2 branches of the dungeon, and saw 7 of its levels.

You collected 183 gold pieces.

Inventory:

Hand Weapons
 a - a +0 war axe (weapon)
 n - a +0 sling of freezing
Missiles
 r - 3 boomerangs (quivered)
 y - 5 silver javelins
Armour
 b - a +0 scale mail
 c - a +0 buckler (worn)
 o - a +0 chain mail (worn)
 q - a +1 pair of boots (worn)
 v - a +2 cloak (worn)
 A - a +0 chain mail
Jewellery
 h - a ring of magical power
 j - a ring of flight (left hand)
 u - a ring of protection from cold (right hand)
Scrolls
 f - a scroll of vulnerability {unknown}
 l - a scroll of poison
 p - a scroll of blinking
 t - a scroll of immolation {unknown}
 z - a scroll of enchant armour {unknown}
Potions
 e - a potion of lignification
 g - 2 potions of magic
 k - a potion of degeneration
 m - 2 potions of attraction
 s - a potion of haste
 w - 2 potions of curing
 x - 2 potions of brilliance


   Skills:
 + Level 3.7 Fighting
 + Level 4.7 Axes
 + Level 0.3 Throwing
 + Level 3.9 Armour
 + Level 1.1 Dodging
 + Level 1.3 Stealth
 + Level 3.7 Shields


You had 5 spell levels left.
You didn't know any spells.
Your spell library contained the following spells:

 Spells                   Type           Power      Damage    Failure   Level
 Magic Dart               Conj           0%         1d3       99%         1
 Necrotise                Necr           0%         1d4       99%         1
 Call Imp                 Summ           0%         N/A       100%        2
 Ensorcelled Hibernation  Hex/Ice        0%         N/A       100%        2
 Mephitic Cloud           Conj/Pois/Air  0%         N/A       100%        3
 Spider Form              Tmut/Pois      0%         N/A       100%        3
 Vampiric Draining        Necr           0%         2d6       100%        3
 Anguish                  Hex/Necr       0%         N/A       100%        4
 Agony                    Necr           0%         N/A       100%        5


Dungeon Overview and Level Annotations

Branches:
Dungeon (6/15)             Temple (1/1) D:5

Altars:
Ashenzari
Cheibriados
Dithmenos
Fedhas
Hepliaklqana
Makhleb
Nemelex Xobeh
Okawaru
Qazlal

Annotations:
D:3 Sigmund


Innate Abilities, Weirdness & Mutations

You sometimes gain a little power by taking damage.
You have a tail ending in a sharp stinger.


Message History

You hit the adder. You tail-slap the adder.
The adder is moderately wounded.
The adder barely misses you.
You slash the adder!
You kill the adder!
Qazlal accepts your kill.
u - a ring of protection from cold (right hand) HP restored.
Found a sling.
f - a scroll labelled GEZIP NIJA An orc comes into view.
It is wielding a +0 hand axe.
The orc shouts!
A two-headed ogre comes into view.
It is wielding a +0 giant club and a +0 giant spiked club.
Throw: dart (poison)
Press: ? - help, Q - select action, (/) - cycle Shift-Dir - straight line, f - two-headed ogre
Aim: a two-headed ogre, wielding a +0 giant club and a +0 giant spiked club (wandering, hasn't noticed you, 73% to hit)
You throw a poisoned dart.
The poisoned dart hits the two-headed ogre.
The two-headed ogre is poisoned.
Throw: 3 boomerangs
Press: ? - help, Q - select action, (/) - cycle Shift-Dir - straight line, f/p - two-headed ogre
Aim: a two-headed ogre, wielding a +0 giant club and a +0 giant spiked club (poisoned, 73% to hit)
You throw a boomerang. The boomerang hits the two-headed ogre.
The two-headed ogre is lightly wounded.
You feel very mighty all of a sudden.
The two-headed ogre hits you with a +0 giant club!
The two-headed ogre barely misses you. The orc hits you with a +0 hand axe.
You slash the two-headed ogre! You tail-slap the two-headed ogre.
The two-headed ogre is heavily wounded.
You hit the orc.
The two-headed ogre looks more healthy.
The orc hits you with a +0 hand axe.
The two-headed ogre hits you with a +0 giant club!
The two-headed ogre hits you with a +0 giant spiked club.
* * * LOW HITPOINT WARNING * * *
You slice the two-headed ogre!! You tail-slap the two-headed ogre.
The two-headed ogre is almost dead.
You hit the orc. You block the orc's attack.
You block the two-headed ogre's attack.
The two-headed ogre hits you with a +0 giant spiked club!
You die...

#....# ##....##
....... ....(# #..).
... #...# ...... #oO.#
?..... #(@.# .....
######...#####..#####
......................
.######.............#
#......)...##.#
##.........##.#
#.........##.##
##.........##..#
#............#.#


You could see a two-headed ogre and an orc.

Vanquished Creatures
  An ogre (D:4)
  A scorpion (D:3)
  A killer bee (D:4)
  2 hounds (D:4)
  An orc priest (D:4)
  An iguana (D:4)
  11 adders
  3 worms
  6 dart slugs
  6 orcs (D:4)
  3 bats
  3 endoplasms
  A giant cockroach (D:2)
  8 goblins
  7 hobgoblins
  4 jackals
  7 kobolds
  3 quokkas
  4 ball pythons
  8 frilled lizards
  2 rats
83 creatures vanquished.

Notes
Turn   | Place    | Note
-------+----------+-------------------------------------------
     0 | D:1      | jlumianski the Demonspawn Fighter began the quest for the
                  | Orb.
     0 | D:1      | Reached XP level 1. HP: 18/18 MP: 1/1
   157 | D:1      | Gained mutation: You have a small tail. [demonic ancestry]
   157 | D:1      | Reached XP level 2. HP: 21/24 MP: 2/2
   325 | D:1      | Reached skill level 2 in Axes
   920 | D:2      | Reached XP level 3. HP: 29/29 MP: 3/3
  1057 | D:2      | Reached skill level 1 in Stealth
  1134 | D:2      | Reached XP level 4. HP: 34/35 MP: 4/4
  1602 | D:2      | Found a faded altar of an unknown god.
  1786 | D:2      | Reached skill level 3 in Axes
  2029 | D:3      | Noticed Sigmund
  2497 | D:4      | Gained mutation: You have a tail ending in a sharp stinger.
                  | [demonic ancestry]
  2497 | D:4      | Reached XP level 5. HP: 41/41 MP: 5/5
  2661 | D:3      | Reached skill level 1 in Dodging
  2773 | D:4      | Noticed an ogre
  2785 | D:4      | Killed an ogre
  2786 | D:4      | Gained mutation: You sometimes gain a little power by
                  | taking damage. [demonic ancestry]
  2786 | D:4      | Reached XP level 6. HP: 42/48 MP: 6/6
  2960 | D:4      | Identified the +0 robe "Ocuadad" {rPois Regen+ Dex-2
                  | Stlth-}
  3009 | D:4      | Reached skill level 4 in Axes
  3301 | D:5      | Entered Level 5 of the Dungeon
  3475 | D:5      | Found a staircase to the Ecumenical Temple.
  3482 | Temple   | Entered the Ecumenical Temple
  3569 | Temple   | Became a worshipper of Qazlal Stormbringer
  3656 | D:5      | Noticed a two-headed ogre
  3662 | D:5      | Slain by a two-headed ogre

Illustrated notes

Levels and vault maps discovered:
D:1:      tarquinn_simple_flora_water_b, layout_loops_cross,
          roderic_roman_lattice
D:2:      layout_loops_ring, ebering_ecumenical_altar_rust, minmay_quantized
D:3:      layout_basic, uniq_sigmund
D:4:      layout_cave_pods, minmay_starry_boxes
D:5:      layout_basic, temple_green
D:6:      layout_basic, nicolae_overflow_two_pavilions,
          chequers_decorated_corner
Temple:   nicolae_temple_bog_church

Skill      XL: |  1  2  3  4  5  6 |
---------------+-------------------+-----
Axes           | 2 3 4 |  4.7
Shields        | 3 |  3.7
Stealth        | 1 |  1.3
Armour         | 3 |  3.9
Dodging        | 1 |  1.1
Fighting       | |  3.7
Throwing       | |  0.3

Action                   |  1- 3 |  4- 6 || total
-------------------------+-------+-------++-------
Melee: War axe           |    88 |   165 ||   253
       Tailslap          |     9 |    23 ||    32
Throw: Dart              |     4 |     7 ||    11
       Boomerang         |       |     1 ||     1
  Use: Scroll            |       |     9 ||     9
       Potion            |       |     2 ||     2
Armor: Scale mail        |    47 |     1 ||    48
       Chain mail        |       |   132 ||   132
Dodge: Dodged            |    44 |    88 ||   132
Block: Buckler           |    34 |    47 ||    81

Table legend: (Time is in decaauts)
 A = Elapsed time spent in this place.
 B = Non-inter-level travel time spent in this place.
 C = Inter-level travel time spent in this place.
 D = Time resting spent in this place.
 E = Time spent auto-exploring this place.
 F = Levels seen in this place.
 G = Mean time per level.
                   A        B        C        D        E       F      G
               +--------+--------+--------+--------+--------+-----+--------+
         Total |   3767 |   3708 |     59 |    258 |   1409 |   7 |  538.1 |
       Dungeon |   3655 |   3596 |     59 |    258 |   1340 |   6 |  609.2 |
        Temple |    111 |    111 |      0 |      0 |     69 |   1 |  111.0 |
               +--------+--------+--------+--------+--------+-----+--------+

Top non-repeatable levels by time:
     D:2: 1135 daAuts
     D:1: 925 daAuts
     D:4: 858 daAuts
     D:3: 584 daAuts
     D:5: 139 daAuts
  Temple: 111 daAuts
     D:6: 11 daAuts
